 Dungeon Crawl Stone Soup version 0.21.1-1-g345015fe64 (webtiles) character file.

123 Fascinator the Fighter (level 5, -1/54 HPs)
             Began as a Gnoll Wanderer on July 24, 2018.
             Slain by a worm (7 damage)
             ... on level 2 of the Dungeon.
             The game lasted 00:03:26 (1633 turns).

Fascinator the Fighter (Gnoll Wanderer)             Turns: 1633, Time: 00:03:26

Health: -1/54      AC:  5    Str: 14    XL:     5   Next: 7%
Magic:  7/7        EV: 11    Int: 16    God:
Gold:   44         SH:  0    Dex: 14    Spells: 6/6 levels left

rFire    . . .     SeeInvis .   h - -1 short sword (curse)
rCold    . . .     Gourm    .   (no shield)
rNeg     . . .     Faith    .   j - +0 ring mail
rPois    .         Spirit   .   (no helmet)
rElec    .         Reflect  .   (no cloak)
rCorr    .         Harm     .   (no gloves)
MR       .....                  (no boots)
Stlth    ++........             (no amulet)
HPRegen  0.18/turn              (no ring)
MPRegen  0.10/turn              (no ring)

@: no status effects
A: distributed training, fangs 1, strong nose
a: no special abilities


You were on level 2 of the Dungeon.
You were near starving.

You visited 1 branch of the dungeon, and saw 2 of its levels.

You collected 44 gold pieces.

Inventory:

Hand Weapons
 f - a +0 club
 h - a cursed -1 short sword (weapon)
Armour
 e - a +0 robe
 j - a +0 ring mail (worn)
Scrolls
 a - 2 scrolls of blinking
 c - 4 scrolls of teleportation
 i - 2 scrolls of identify
Potions
 b - a potion of berserk rage
 d - 2 potions of curing
 l - a potion of lignification
Comestibles
 g - 3 rations


   Skills:
 + Level 10.4 Fighting
 + Level 1.3 Short Blades
 + Level 1.3 Long Blades
 + Level 1.3 Axes
 + Level 1.3 Maces & Flails
 + Level 1.3 Polearms
 + Level 1.3 Staves
 + Level 1.3 Slings
 + Level 1.3 Bows
 + Level 1.3 Crossbows
 + Level 1.3 Throwing
 + Level 1.3 Armour
 + Level 2.8 Dodging
 + Level 2.6 Stealth
 + Level 2.8 Shields
 + Level 2.8 Unarmed Combat
 + Level 1.3 Spellcasting
 + Level 1.0 Conjurations
 + Level 1.0 Hexes
 + Level 1.0 Charms
 + Level 1.0 Summonings
 + Level 1.0 Necromancy
 + Level 1.0 Translocations
 + Level 1.0 Transmutations
 + Level 1.0 Fire Magic
 + Level 1.0 Ice Magic
 + Level 1.0 Air Magic
 + Level 1.0 Earth Magic
 + Level 1.0 Poison Magic
 + Level 1.4 Invocations
 + Level 2.8 Evocations


You had 6 spell levels left.
You didn't know any spells.

Dungeon Overview and Level Annotations

Branches:
Dungeon (2/15)

Altars:


Innate Abilities, Weirdness & Mutations

Your experience applies equally to all skills.
You have very sharp teeth.
Your uncanny sense of smell can sniff out nearby items.


Message History

You hit the worm.
The worm is moderately wounded.
The worm bites you but does no damage.
You hit the worm.
The worm is heavily wounded.
The worm completely misses you.
You hit the worm but do no damage.
The worm is heavily wounded.
You hit the worm. You bite the worm.
The worm is severely wounded.
The worm barely misses you.
You hit the worm but do no damage.
The worm is severely wounded.
You hit the worm but do no damage.
The worm is severely wounded.
The worm closely misses you.
You hit the worm.
The worm is severely wounded.
The worm bites you!
You die...

+,...........#......#....*,,,,,*,
*,...........#......)..#**,,,,,*,
,,...........#.........+,+,,,,,*,
**#............##......##*,,,,,**
,,...........)h..........,,,,,,,,
#,...........w...........,,*,,,*,
#,...........##..........,,,,,,,,
+,....###########.....$..,,,,,,,,
#,...,* #...@w.....##,,,,,,,,
#,..,,##### #.##########*,,,,,,,,
#,#,*##...###...###...##*,*,,,,,,
#,*,##.....##...##.....##,*,,,,,,
#,#,#.......#...#.......#,*,,,,,,
#.#.#.....†.'...'....)..#,*,,,,,,
#.#.#.......#...#.......#,*,,,**,
....##.....##...##.....##,*****,,
#.#####...###...###...##*,****,,,


You could see a worm.

Vanquished Creatures
  2 orc wizards (D:2)
  An adder (D:2)
  A worm (D:2)
  2 dart slugs (D:1)
  A leopard gecko (D:1)
  3 orcs (D:2)
  A ball python (D:1)
  5 giant cockroaches
  6 goblins
  3 hobgoblins
  2 jackals (D:2)
  A quokka (D:2)
  5 bats
  2 frilled lizards (D:1)
  3 kobolds (D:1)
  9 rats
47 creatures vanquished.

Vanquished Creatures (others)
  A bush (D:1)
1 creature vanquished.

Grand Total: 48 creatures vanquished

Notes
Turn   | Place    | Note
-------+----------+-------------------------------------------
     0 | D:1      | Reached skill level 10 in Fighting
     0 | D:1      | Fascinator the Gnoll Wanderer began the quest for the Orb.
     0 | D:1      | Fascinator set off with: a scroll of blinking, a potion of berserk rage, a scroll of teleportation, a potion of curing, a +0 robe, a +0 club, a ration
     0 | D:1      | Reached XP level 1. HP: 28/28 MP: 2/2
   166 | D:1      | Reached XP level 2. HP: 31/36 MP: 3/3
   721 | D:1      | Reached XP level 3. HP: 36/42 MP: 4/4
  1148 | D:2      | Reached skill level 1 in Invocations
  1285 | D:2      | Reached skill level 1 in Short Blades
  1285 | D:2      | Reached skill level 1 in Long Blades
  1285 | D:2      | Reached skill level 1 in Axes
  1285 | D:2      | Reached skill level 1 in Maces & Flails
  1285 | D:2      | Reached skill level 1 in Polearms
  1285 | D:2      | Reached skill level 1 in Staves
  1285 | D:2      | Reached skill level 1 in Slings
  1285 | D:2      | Reached skill level 1 in Bows
  1285 | D:2      | Reached skill level 1 in Crossbows
  1285 | D:2      | Reached skill level 1 in Throwing
  1285 | D:2      | Reached skill level 1 in Armour
  1285 | D:2      | Reached skill level 1 in Spellcasting
  1285 | D:2      | Reached XP level 4. HP: 28/48 MP: 4/6
  1490 | D:2      | Reached skill level 1 in Conjurations
  1490 | D:2      | Reached skill level 1 in Hexes
  1490 | D:2      | Reached skill level 1 in Charms
  1490 | D:2      | Reached skill level 1 in Summonings
  1490 | D:2      | Reached skill level 1 in Necromancy
  1490 | D:2      | Reached skill level 1 in Translocations
  1490 | D:2      | Reached skill level 1 in Transmutations
  1490 | D:2      | Reached skill level 1 in Fire Magic
  1490 | D:2      | Reached skill level 1 in Ice Magic
  1490 | D:2      | Reached skill level 1 in Air Magic
  1490 | D:2      | Reached skill level 1 in Earth Magic
  1490 | D:2      | Reached skill level 1 in Poison Magic
  1490 | D:2      | Reached XP level 5. HP: 6/54 MP: 7/7
  1633 | D:2      | Slain by a worm

Skill      XL: |  1  2  3  4 |
---------------+-------------+-----
Fighting       | | 10.4
Invocations    | 1 |  1.4
Short Blades   | 1 |  1.3
Long Blades    | 1 |  1.3
Axes           | 1 |  1.3
Maces & Flails | 1 |  1.3
Polearms       | 1 |  1.3
Staves         | 1 |  1.3
Slings         | 1 |  1.3
Bows           | 1 |  1.3
Crossbows      | 1 |  1.3
Throwing       | 1 |  1.3
Armour         | 1 |  1.3
Spellcasting   | 1 |  1.3
Conjurations   | 1 |  1.0
Hexes          | 1 |  1.0
Charms         | 1 |  1.0
Summonings     | 1 |  1.0
Necromancy     | 1 |  1.0
Translocations | 1 |  1.0
Transmutations | 1 |  1.0
Fire Magic     | 1 |  1.0
Ice Magic      | 1 |  1.0
Air Magic      | 1 |  1.0
Earth Magic    | 1 |  1.0
Poison Magic   | 1 |  1.0
Dodging        | |  2.8
Stealth        | |  2.6
Shields        | |  2.8
Unarmed Combat | |  2.8
Evocations     | |  2.8

Action                   |  1- 3 |  4- 6 || total
-------------------------+-------+-------++-------
Melee: Club              |   261 |       ||   261
       Bite              |    62 |    13 ||    75
       Punch             |     7 |     2 ||     9
       Short sword       |   164 |    63 ||   227
  Use: Scroll            |       |     2 ||     2
 Stab: Sleeping          |     4 |       ||     4
  Eat: Chunk             |     2 |       ||     2
Armor: Robe              |    29 |       ||    29
       Ring mail         |    28 |    18 ||    46
Dodge: Dodged            |   132 |    42 ||   174
